 Dungeon Crawl Stone Soup version 0.22-a0-362-g535178c (webtiles) character file.

599 Serpenta the Cutter (level 7, -7/52 HPs)
             Began as a Mummy Chaos Knight on Apr 20, 2018.
             Splashed by a jelly's acid (10 damage)
             ... on level 6 of the Dungeon.
             The game lasted 00:11:11 (5683 turns).

Serpenta the Cutter (Mummy Chaos Knight)            Turns: 5683, Time: 00:11:12

Health: -7/52      AC: -7    Str: 15    XL:     7   Next: 17%
Magic:  7/7        EV: 11    Int: 21    God:    Xom [....*.]
Gold:   143        SH:  0    Dex: 13    Spells: 6/6 levels left

rFire    x . .     SeeInvis .   a - +0 short sword (chaos)
rCold    + . .     Gourm    .   (no shield)
rNeg     + + +     Faith    .   q - +1 leather armour {MR+}
rPois    ∞         Spirit   .   (no helmet)
rElec    +         Reflect  .   (no cloak)
rCorr    .         Harm     .   (no gloves)
MR       ++...                  (no boots)
Stlth    +++.......             (no amulet)
HPRegen  0.17/turn              f - ring "Qaexkawe" {god gift, *Drain rElec MR+ Int+9}
MPRegen  0.10/turn              o - ring of stealth

@: corroded
A: no food or potions, fire vulnerability, cold resistance 1, negative energy
resistance 3, torment resistance, unbreathing
a: Renounce Religion


You were on level 6 of the Dungeon.
You worshipped Xom.
You were a beloved toy of Xom.
You were not hungry.

You visited 1 branch of the dungeon, and saw 6 of its levels.

You collected 143 gold pieces.


Innate Abilities, Weirdness & Mutations

You do not eat or drink.
Your flesh is vulnerable to fire.
You are immune to poison.
Your flesh is cold resistant. (rC+)
You are immune to negative energy. (rN+++)
You are immune to unholy pain and torment.
You can survive without breathing.


   Skills:
 - Level 3.0 Fighting
 + Level 5.8 Short Blades
 - Level 1.5 Armour
 - Level 0.7 Dodging
 + Level 3.7 Stealth


You had 6 spell levels left.
You didn't know any spells.

Action                   |  1- 3 |  4- 6 |  7- 9 || total
-------------------------+-------+-------+-------++-------
Melee: Short sword       |   113 |    63 |    10 ||   186
       Dagger            |       |   123 |     1 ||   124
  Use: Scroll            |       |     4 |       ||     4
 Stab: Confused          |       |     1 |       ||     1
       Sleeping          |       |     3 |       ||     3
Armor: Leather armour    |    49 |    44 |     4 ||    97
Dodge: Dodged            |    56 |   100 |     5 ||   161

Inventory:

Hand Weapons
 a - a +0 short sword of chaos (weapon)
 j - a +0 dagger of venom
Missiles
 m - 2 curare-tipped needles
Armour
 b - a +2 leather armour
 l - a +2 robe of positive energy
 n - a cursed +0 leather armour
 q - a +1 leather armour of magic resistance (worn)
Jewellery
 f - the ring "Qaexkawe" (left hand) {god gift, *Drain rElec MR+ Int+9}
   (Xom gifted it to you on level 1 of the Dungeon)

   [ring of protection from magic]

   It affects your intelligence (+9).
   It insulates you from electricity.
   It affects your resistance to hostile enchantments.
   It causes draining when unequipped.
 k - an uncursed ring of protection from cold
 o - a ring of stealth (right hand)
Wands
 p - a wand of digging (20)
Scrolls
 c - a scroll of noise {unknown}
 d - 2 scrolls of immolation
 e - 4 scrolls of enchant armour
 g - a scroll of remove curse {unknown}
 h - a scroll of fog {unknown}
 i - 2 scrolls of identify
 r - a scroll of enchant weapon {unknown}

#.......$...# #.#
#. #.
#.......##### #.#
#.##. ###....##
#.# ..#. #....#
#.# #.. ####.#
#.. #.## #.#
###.# #.####.#
#.# ### ...#
#).....# ...
.....##.##
##.######
......J@.#####.##
###..##.#.#.#.##
# #.##...##
#.#.#.#.#
#.##...##
..###.## ### #.#
#.# #.#


You could see a jelly (berserk).

Vanquished Creatures
  A hippogriff (D:4)
  A black bear (D:6)
  A hound (D:5)
  A centaur skeleton (D:6)
  Jessica (D:3)
  Natasha (D:3)
  4 gnolls
  4 adders
  3 oozes
  A worm (D:4)
  3 dart slugs
  2 leopard geckos
  4 orcs
  14 bats
  4 giant cockroaches
  8 goblins
  3 hobgoblins
  4 jackals (D:2)
  7 kobolds
  A quokka (D:1)
  2 ball pythons (D:1)
  6 rats
76 creatures vanquished.

Vanquished Creatures (collateral kills)
  Edmund (D:6)
  A centaur (D:6)
2 creatures vanquished.

Grand Total: 78 creatures vanquished

Vault maps used:
D:1:      erik_arrival_gehennom, grunt_decor_resistance
D:2:      first_ration, chequers_ecumenical_altar_simple_redux
D:3:      nicolae_overflow_hidden_temple, minmay_misc_feat_square, minivault_19,
          uniq_sigmund, uniq_natasha, uniq_jessica
D:4:      serial_bayou, serial_bayou_pond_b, serial_bayou_pond_d,
          serial_bayou_lagoon_a, serial_bayou_ford_a
D:5:      kennysheep_little_box, lemuel_doored_altar, minmay_temple_entry_fiery,
          uniq_prince_ribbit1, uniq_ijyb, uniq_duvessa
D:6:      eat_drink_and_be_merry_uskayaw, uniq_edmund, uniq_grinder


Message History

You hit the jelly.
Your hands burn!
The jelly is severely wounded.
The jelly closely misses you.
You hit the jelly. You freeze the jelly.
Your hands burn!
The jelly is almost dead.
The jelly hits you. The acid corrodes you!
You are splashed with acid!
The acid burns!
* * * LOW HITPOINT WARNING * * *
You hit the jelly but do no damage.
Your hands burn!
* * * LOW HITPOINT WARNING * * *
The jelly is almost dead.
The jelly misses you.
You hit the jelly.
Your hands burn!
* * * LOW HITPOINT WARNING * * *
The jelly is almost dead.
The jelly hits you.
* * * LOW HITPOINT WARNING * * *
The acid corrodes you!
You are splashed with acid!
The acid burns!
You die...
Xom is highly amused!

Notes
Turn   | Place    | Note
-------+----------+-------------------------------------------
     0 | D:1      | Serpenta the Mummy Chaos Knight began the quest for the Orb.
     0 | D:1      | Reached XP level 1. HP: 18/18 MP: 1/1
   140 | D:1      | Reached XP level 2. HP: 24/24 MP: 2/2
   157 | D:1      | Reached skill level 3 in Short Blades
   236 | D:1      | XOM: divination: detect creatures
   510 | D:1      | Reached XP level 3. HP: 29/29 MP: 3/3
   536 | D:1      | XOM: harmless Conj miscast
   913 | D:1      | XOM: god gift: fine ivory ring {god gift}
   914 | D:1      | Got a fine ivory ring {god gift}
   915 | D:1      | Identified the ring "Qaexkawe" {god gift, *Drain rElec MR+ Int+9} (Xom gifted it to you on level 1 of the Dungeon)
  1006 | D:2      | Found a faded altar of an unknown god.
  1332 | D:1      | XOM: harmless Summ miscast
  1410 | D:1      | XOM is BORED!
  1410 | D:1      | XOM: medium Necr miscast
  1505 | D:2      | Reached skill level 4 in Short Blades
  1557 | D:2      | Reached XP level 4. HP: 35/35 MP: 4/4
  1646 | D:1      | XOM: god gift: scroll labeled JAUFRI NESE {god gift}
  1808 | D:2      | XOM: potion effect (invisibility)
  1917 | D:2      | XOM: harmless Summ miscast
  2326 | D:2      | XOM: mild Summ miscast
  2327 | D:2      | Noticed a spatial vortex
  2451 | D:3      | Noticed Sigmund
  2540 | D:3      | Noticed Jessica
  2554 | D:3      | Killed Jessica
  2554 | D:3      | Reached skill level 1 in Stealth
  2554 | D:3      | Reached XP level 5. HP: 41/41 MP: 5/5
  2787 | D:3      | Noticed Natasha
  2810 | D:3      | Killed Natasha
  2924 | D:2      | XOM: divination: magic mapping
  4039 | D:4      | XOM: divination: magic mapping
  4061 | D:4      | XOM: silly message
  4087 | D:4      | XOM: mild Necr miscast
  4280 | D:4      | XOM is BORED!
  4280 | D:4      | XOM: medium Air miscast
  4346 | D:4      | Noticed a hippogriff
  4393 | D:4      | XOM: confuse monster(s)
  4440 | D:4      | XOM: mild Hex miscast
  4472 | D:4      | XOM: summons 3 friendly demons
  4481 | D:4      | XOM: cast spell 'Alistair's Intoxication'
  4482 | D:4      | XOM: noise
  4489 | D:4      | XOM: god gift: shiny ring mail {god gift}
  4492 | D:4      | Killed a hippogriff
  4492 | D:4      | Reached skill level 5 in Short Blades
  4492 | D:4      | Reached XP level 6. HP: 22/47 MP: 6/6
  4943 | D:5      | Entered Level 5 of the Dungeon
  5014 | D:5      | Found a sacrificial altar of Ru.
  5041 | D:5      | XOM: severe Pois miscast
  5052 | D:5      | XOM: noise
  5067 | D:5      | Found a staircase to the Ecumenical Temple.
  5067 | D:5      | XOM: 8-stop teleportation journey
  5068 | D:5      | Noticed Duvessa
  5070 | D:5      | Noticed Dowan
  5071 | D:5      | Noticed an ice beast
  5076 | D:5      | XOM: enchant monster (good)
  5176 | D:5      | Noticed Prince Ribbit
  5332 | D:5      | XOM: scenery: create altars
  5449 | D:6      | Noticed Edmund
  5459 | D:6      | Killed Edmund
  5486 | D:6      | XOM: cloud trail
  5508 | D:6      | Reached XP level 7. HP: 52/52 MP: 7/7
  5550 | D:6      | XOM: 4-stop teleportation journey
  5683 | D:6      | Splashed by a jelly's acid
